 Dungeon Crawl Stone Soup version 0.30.1-11-g7821555f0a (webtiles) character file.

Game seed: 3049111297501945525

1328 Cheops the Basher (level 8, -1/132 HPs)
             Began as an Ogre Fighter on Dec 10, 2023.
             Was a Follower of Okawaru.
             Succumbed to a gnoll sergeant's poison
             ... on level 6 of the Dungeon.
             The game lasted 00:13:53 (4901 turns).

Cheops the Basher (Ogre Fighter)                    Turns: 4901, Time: 00:13:53

Health: -1/132     AC: 10    Str: 23    XL:     8   Next: 60%
Magic:  9/9        EV:  8    Int:  9    God:    Okawaru [*.....]
Gold:   395        SH:  8    Dex:  8    Spells: 7/7 levels left

rFire   . . .        a - +2 flail (protect)
rCold   . . .        c - +0 kite shield
rNeg    . . .        b - +0 robe
rPois   .            (helmet restricted)
rElec   .            (no cloak)
rCorr   .            (gloves unavailable)
SInv    .            (boots unavailable)
Will    .....        (no amulet) Stlth
                     (no ring)
HPRegen 0.42/turn    (no ring)
MPRegen 0.11/turn

%: no passive effects
@: berserking, lethally poisoned (-1 -> -26), under a protective aura, very
quick
A: large, unfitting armour, tough skin 1, robust 1, MP-powered wands
a: Renounce Religion, Heroism


You were on level 6 of the Dungeon.
You worshipped Okawaru.
Okawaru was aware of your devotion.
You visited 2 branches of the dungeon, and saw 7 of its levels.

You collected 395 gold pieces.

Inventory:

Hand Weapons
 a - a +2 flail of protection (weapon)
Missiles
 m - 8 javelins (quivered)
Armour
 b - a +0 robe (worn)
 c - a +0 kite shield (worn)
Jewellery
 l - an amulet of reflection
Wands
 w - a wand of flame (20)
Scrolls
 f - 2 scrolls of immolation
 h - 2 scrolls of enchant armour
 j - 3 scrolls of teleportation
 k - a scroll of butterflies
 o - a scroll of fear
 q - a scroll of magic mapping {unknown}
 r - a scroll of amnesia {unknown}
 s - a scroll of brand weapon {unknown}
 v - a scroll of blinking {unknown}
Potions
 d - 2 potions of might
 e - a potion of resistance
 n - a potion of attraction {unknown}
 p - 2 potions of mutation
 t - a potion of degeneration {unknown}
 u - a potion of brilliance {unknown}


   Skills:
 - Level 5.3 Fighting
 * Level 8.1 Maces & Flails
 - Level 2.6 Dodging
 - Level 5.0 Shields
 + Level 2.4 Invocations


You had 7 spell levels left.
You didn't know any spells.
Your spell library contained the following spells:

 Spells                   Type           Power      Damage    Failure   Level
 Magic Dart               Conj           0%         1d3       65%         1
 Ensorcelled Hibernation  Hex/Ice        0%         N/A       78%         2
 Mephitic Cloud           Conj/Pois/Air  0%         N/A       95%         3
 Spider Form              Tmut/Pois      0%         N/A       95%         3
 Anguish                  Hex/Necr       0%         N/A       100%        4
 Call Imp                 Summ           Unusable   N/A       N/A         2

Dungeon Overview and Level Annotations

Branches:
Dungeon (6/15)             Temple (1/1) D:4

Altars:
Ashenzari
Cheibriados
Dithmenos
Elyvilon
Fedhas
Gozag
Hepliaklqana
Kikubaaqudgha
Makhleb
Nemelex Xobeh
Okawaru
Qazlal
Ru
Sif Muna
Trog
Uskayaw
Vehumet
Wu Jian
Xom
Yredelemnul
Zin
The Shining One


Innate Abilities, Weirdness & Mutations

You are too large for most types of armour.
You have tough skin. (AC +1)
You are robust. (+10% HP)
You expend magic power (3 MP) to strengthen your wands.


Message History

You are more poisoned.
You feel much better.
* * * LOW HITPOINT WARNING * * *
You feel extremely sick.
The gnoll sergeant hits you with a +4 spear of venom.
* * * LOW HITPOINT WARNING * * *
You are more poisoned.
The gnoll sergeant blocks your attack.
The gnoll sergeant is moderately wounded.
* * * LOW HITPOINT WARNING * * *
You feel extremely sick.
The gnoll sergeant hits you with a +4 spear of venom.
* * * LOW HITPOINT WARNING * * *
You feel much better.
* * * LOW HITPOINT WARNING * * *
You feel extremely sick. The gnoll sergeant barely misses you.
It was a potion of berserk rage.
A red film seems to cover your vision as you go berserk!
You feel yourself moving faster!
You feel mighty!
You feel very sick.
The gnoll sergeant hits you with a +4 spear of venom!
* * * LOW HITPOINT WARNING * * *
You are more poisoned.
You are too berserk!
You hit the gnoll sergeant.
Your weapon exudes an aura of protection.
The gnoll sergeant is heavily wounded.
* * * LOW HITPOINT WARNING * * *
You feel extremely sick. You block the gnoll sergeant's attack.
The gnoll sergeant blocks your attack.
The gnoll sergeant is heavily wounded.
* * * LOW HITPOINT WARNING * * *
You feel very sick. The gnoll sergeant closely misses you.
You are too berserk!
You barely miss the gnoll sergeant.
The gnoll sergeant is heavily wounded.
You die...

###....#.....#######..###...##..#
###....##......#####..###...##..#
........#......'..#.....#.......#
........#......#..#.....#.......#
........#......#..#.....'.......#
........#......#..#.....#..<....#
......$.#......#g.#.....#.......#
######'##......#g###'############
# ........###@#............... #
........#...#...............
........#...#...............
........#...#.>.............
........#...#...............
........###'#...............
####...........#############
#...........#.......#
#...........#.......#


You could see a gnoll sergeant and a gnoll.

Vanquished Creatures
  Sigmund (D:4)
  A water moccasin (D:6)
  A black bear (D:5)
  2 ogres (D:5)
  A phantom (D:3)
  4 scorpions
  A bullfrog (D:5)
  A howler monkey (D:6)
  An orc priest (D:3)
  4 hounds
  Jessica (D:3)
  2 iguanas
  Robin (D:4)
  4 gnolls
  4 adders
  4 worms
  3 dart slugs
  4 orcs
  4 ball pythons
  3 endoplasms
  A giant cockroach (D:1)
  11 goblins
  12 hobgoblins
  3 jackals (D:3)
  7 kobolds
  4 quokkas
  3 bats
  2 frilled lizards
  6 rats
96 creatures vanquished.

Notes
Turn   | Place    | Note
-------+----------+-------------------------------------------
     0 | D:1      | Cheops the Ogre Fighter began the quest for the Orb.
     0 | D:1      | Reached XP level 1. HP: 24/24 MP: 1/1
   157 | D:1      | Reached skill level 2 in Maces & Flails
   221 | D:1      | Reached XP level 2. HP: 30/32 MP: 2/2
   747 | D:2      | Reached XP level 3. HP: 38/40 MP: 3/3
   993 | D:2      | Reached skill level 3 in Maces & Flails
  1468 | D:3      | Noticed a phantom
  1622 | D:3      | Noticed Jessica
  1634 | D:3      | Killed Jessica
  1635 | D:3      | Reached skill level 5 in Fighting
  1635 | D:3      | Reached XP level 4. HP: 43/50 MP: 4/4
  1686 | D:3      | Found a faded altar of an unknown god.
  1938 | D:3      | Reached skill level 4 in Maces & Flails
  1938 | D:3      | Reached XP level 5. HP: 31/57 MP: 5/5
  1982 | D:3      | Killed a phantom
  2197 | D:4      | Reached skill level 5 in Maces & Flails
  2197 | D:4      | Reached XP level 6. HP: 49/66 MP: 6/6
  2279 | D:4      | Found a broken altar of Ashenzari.
  2316 | D:4      | Found a staircase to the Ecumenical Temple.
  2316 | D:4      | Noticed Sigmund
  2365 | D:4      | Killed Sigmund
  2366 | D:4      | Reached skill level 6 in Maces & Flails
  2595 | D:4      | HP: 1/66 [poisoned by a scorpion]
  2598 | D:4      | Gained mutation: You expend magic power (3 MP) to
                  | strengthen your wands. [potion of mutation]
  2598 | D:4      | Gained mutation: You are robust. (+10% HP) [potion of
                  | mutation]
  2603 | D:4      | Reached XP level 7. HP: 28/79 MP: 7/7
  2648 | D:4      | Noticed Robin
  2830 | D:4      | Killed Robin
  2886 | Temple   | Entered the Ecumenical Temple
  3054 | Temple   | Became a worshipper of Warmaster Okawaru
  3129 | D:4      | Reached skill level 7 in Maces & Flails
  3202 | D:4      | Found a shimmering blue altar of Sif Muna.
  3209 | D:4      | Found a hide-covered altar of Uskayaw.
  3212 | D:4      | Found an ancient bone altar of Kikubaaqudgha.
  3214 | D:4      | Found a basalt altar of Yredelemnul.
  3221 | D:4      | Found a shimmering altar of Xom.
  3468 | D:5      | Entered Level 5 of the Dungeon
  3854 | D:5      | Reached XP level 8. HP: 86/88 MP: 8/8
  3861 | D:5      | Reached skill level 5 in Shields
  3950 | D:5      | Reached * piety under Okawaru
  3973 | D:5      | Reached skill level 1 in Invocations
  4037 | D:5      | Found a hazy altar of Hepliaklqana.
  4805 | D:6      | Reached skill level 8 in Maces & Flails
  4900 | D:6      | HP: 3/132 [poisoned by a gnoll sergeant]
  4901 | D:6      | Succumbed to a gnoll sergeant's poison

Illustrated notes

Levels and vault maps discovered:
D:1:      shiori_arrival_oz, layout_basic
D:2:      layout_basic, chequers_serial_rivers_micro_c, corexii_leaking_fountain
D:3:      layout_basic, shapermc_ecumenical_altar_starsandcircs, uniq_jessica
D:4:      layout_cave_pools, nicolae_overflow_hallway_of_the_gods,
          minmay_temple_entry_statues, cheibrodos_gnoll_hut, uniq_sigmund,
          uniq_robin
D:5:      layout_cave_pools, nicolae_hepliaklqana_hippocampus, bh_walls_and_bars
D:6:      layout_gridville
Temple:   nicolae_temple_bog_church

Skill      XL: |  1  2  3  4  5  6  7  8 |
---------------+-------------------------+-----
Maces & Flails | 2 3 4 5 6 7 8 |  8.1
Fighting       | 5 |  5.3
Shields        | 4 5 |  5.0
Invocations    | 2 |  2.4
Dodging        | |  2.6

Action                     |  1- 3 |  4- 6 |  7- 9 || total
---------------------------+-------+-------+-------++-------
  Melee: Flail             |   114 |   120 |   149 ||   383
    Use: Scroll            |       |     5 |     4 ||     9
         Potion            |       |     4 |     3 ||     7
 Armour: Robe              |    41 |    69 |    60 ||   170
  Dodge: Dodged            |    38 |    61 |    58 ||   157
  Block: Kite shield       |    50 |    54 |    63 ||   167
